Map: Rifts to Korhal

Players

MattBarry

  • Race: Protoss Protoss
  • Spawn Location: 7:00

MattBarry

  • Race: Zerg Zerg

VOD

Have the link to the VOD?

Description

Time

  • Played on: Jan. 3, 2023, 6:40 p.m.
  • Length: 29:30
Show
View Real Time Build Order
Export as new Build Order

MattBarry Protoss 

Build Orders:  

Get SALT Encoding   

  12  0:02  Probe (Chrono Boost)  
  13  0:16  Probe (Chrono Boost)  
  14  0:27  Pylon  
  14  0:30  Probe (Chrono Boost)  
  15  0:51  Probe (Chrono Boost)  
  15  0:54  Gateway  
  16  1:05  Probe (Chrono Boost)  
  17  1:18  Probe (Chrono Boost)  
  17  1:19  Assimilator  
  18  1:29  Gateway  
  18  1:32  Probe (Chrono Boost)  
  19  1:45  Probe (Chrono Boost)  
  20  1:56  Dark Pylon  
  20  2:01  Cybernetics Core  
  20  2:05  Centurion  
  22  2:10  Assimilator  
  22  2:13  Probe (Chrono Boost)  
  23  2:43  Pylon  
  21  3:21  Stalker x2  
  21  3:22  Warp Gate  
  25  3:42  Gateway  
  25  3:44  Gateway  
  25  3:52  Forge  
  25  3:56  Twilight Council  
  25  4:00  Pylon  
  25  4:09  Stalker x2  
  29  4:41  Protoss Ground Weapons Level 1  
  29  5:04  Stalker x2  
  33  5:13  Blink  
  33  5:19  Stalker  
  35  5:24  Stalker  
  37  5:56  Stalker  
  37  5:57  Stalker  
  41  6:00  Stalker  
  43  6:26  Centurion  
  45  6:38  Phase Reactor  
  25  7:25  Stalker  
  25  7:26  Stalker x2  
  25  7:29  Stalker  
  33  7:33  Protoss Ground Weapons Level 2  
  33  8:08  Pylon  
  33  8:15  Centurion x4  
  41  8:49  Stalker  
  43  8:50  Stalker x2  
  47  9:19  Pylon  
  47  9:21  Pylon  
  47  9:26  Gateway  
  47  9:27  Gateway  
  47  9:30  Gateway  
  47  9:31  Stalker x3  
  53  10:37  Stalker x3  
  53  10:38  Stalker  
  61  10:49  Dark Pylon  
  61  11:06  Stalker x3  
  67  11:18  Shadow Charge  
  67  11:41  Nexus  
  67  11:44  Pylon  
  67  12:14  Photon Cannon  
  67  12:17  Photon Cannon  
  67  12:19  Dark Pylon  
  67  12:33  Stalker x2  
  67  12:34  Stalker  
  73  13:10  Stalker x3  
  73  13:11  Stalker  
  81  13:24  Probe (Chrono Boost)  
  81  13:28  Probe (Chrono Boost)  
  83  13:37  Probe (Chrono Boost)  
  84  13:44  Probe (Chrono Boost)  
  83  14:00  Stalker x3  
  55  14:49  Stalker x2  
  59  14:50  Stalker x4  
  45  16:18  Stalker x3  
  45  16:19  Stalker x4  
  55  16:48  Protoss Ground Armor Level 1  
  55  16:58  Stalker x4  
  63  17:14  Probe (Chrono Boost)  
  63  17:15  Probe (Chrono Boost)  
  67  17:30  Probe (Chrono Boost)  
  67  17:32  Probe (Chrono Boost)  
  67  17:34  Assimilator  
  67  17:40  Assimilator  
  67  17:41  Stalker x2  
  67  17:44  Centurion  
  67  17:45  Centurion x2  
  51  18:23  Stalker  
  51  18:24  Stalker x3  
  51  18:26  Centurion x2  
  61  18:51  Dark Shrine  
  61  18:58  Darkcoil  
  61  19:06  Stargate  
  61  19:24  Centurion  
  61  19:25  Centurion x4  
  71  19:35  Probe x2 (Chrono Boost)  
  75  19:52  Probe x2 (Chrono Boost)  
  75  20:08  Dark Pylon  
  75  20:28  Centurion x4  
  75  20:29  Centurion  
  83  20:30  Centurion x2  
  63  21:24  Centurion x3  
  63  21:25  Centurion x4  
  59  22:05  Stalker  
  59  22:06  Stalker x5  
  59  22:07  Stalker  
  71  22:31  Dark Pylon  
  71  22:38  Stalker x2  
  71  22:39  Stalker x5  
  87  22:50  Probe x2 (Chrono Boost)  
  85  23:07  Probe x2 (Chrono Boost)  
  79  23:51  Protoss Ground Weapons Level 3  
  67  24:20  Stalker x2  
  67  24:21  Stalker x5  
  51  25:53  Dark Pylon  
  51  25:59  Stalker x4  
  59  26:00  Stalker x3  
  65  26:15  Gateway  
  65  26:18  Gateway  
  65  26:20  Gateway  
  65  26:22  Gateway  
  65  26:26  Gateway  
  65  26:29  Gateway  
  65  26:30  Gateway  
  65  26:36  Pylon  
  65  26:44  Dark Archon x3  
  65  26:45  Dark Archon x2  
  65  26:48  Dark Archon x2  
  93  26:58  Argus Crystal  
  63  27:42  Stalker x3  
  63  27:43  Stalker x5  
  41  28:27  Stalker x5  
  41  28:28  Stalker, Centurion x3  
  41  28:29  Centurion x5  
  63  29:00  Centurion x3  
  63  29:01  Centurion x4  
Show
View Real Time Build Order
Export as new Build Order

MattBarry Zerg 

Build Orders:  

Get SALT Encoding   

  18  0:03  Primal Drone  
  19  0:15  Primal Drone  
  20  0:20  Primal Drone  
  20  0:25  Primal Drone  
  22  0:37  Primal Drone  
  23  0:54  Primal Warden  
  24  1:05  Extractor  
  24  1:25  Primal Drone x2  
  24  1:26  Primal Drone  
  27  1:50  Primal Drone  
  28  2:02  Extractor  
  29  2:21  Primal Warden  
  29  2:29  Primal Drone  
  30  2:30  Primal Drone  
  30  2:33  Glevig's Den  
  30  2:35  Primal Drone  
  31  2:42  Primal Drone  
  32  3:03  Primal Zergling x5  
  34  3:46  Primal Zergling x2  
  34  3:49  Primal Drone  
  37  3:50  Primal Drone x3  
  40  4:04  Primal Roach x3  
  40  4:05  Primal Roach  
  48  4:36  Primal Drone  
  48  4:37  Primal Drone x2  
  51  4:40  Primal Attacks Level 1  
  51  4:48  Muscular Augments  
  51  5:00  Murvar's Den  
  51  5:04  Primal Hydralisk x2  
  50  5:37  Primal Drone  
  50  5:38  Primal Drone x3  
  54  5:46  Primal Hydralisk x2  
  54  5:47  Primal Hydralisk  
  56  6:04  Primal Hydralisk  
  56  6:06  Primal Drone  
  64  6:46  Primal Hive  
  64  6:49  Primal Hydralisk x2  
  68  7:15  Primal Wurm  
  69  7:20  Primal Hydralisk  
  69  7:26  Primal Drone x2  
  73  7:38  Primal Guardian  
  73  7:39  Primal Guardian  
  71  7:54  Explosive Spores  
  71  8:15  Primal Warden  
  71  8:16  Primal Warden  
  73  8:27  Primal Hydralisk  
  65  8:53  Primal Drone x3  
  65  8:54  Primal Drone x2  
  63  9:32  Primal Drone x2  
  61  10:02  Primal Hydralisk  
  61  10:03  Primal Hydralisk x6  
  64  10:42  Primal Hydralisk x3  
  64  10:43  Primal Hydralisk  
  72  10:51  Primal Drone x2  
  74  11:19  Primal Drone  
  75  11:20  Primal Drone x2  
  75  11:26  Extractor  
  75  11:27  Extractor  
  75  11:29  Primal Drone  
  78  11:30  Primal Drone x2  
  81  12:19  Primal Wurm  
  81  12:35  Primal Wurm  
  82  12:48  Primal Drone  
  82  12:49  Primal Drone x6  
  89  13:19  Slicing Glave  
  89  13:51  Primal Attacks Level 2  
  89  14:19  Shifting Carapace  
  85  14:26  Primal Hydralisk x2  
  85  14:27  Primal Hydralisk  
  85  14:28  Primal Hydralisk  
  89  15:04  Primal Mutalisk  
  89  15:05  Primal Mutalisk x2  
  89  15:08  Primal Hydralisk  
  89  15:09  Primal Hydralisk x3  
  94  15:15  Primal Drone x2  
  94  15:18  Primal Reconstitution, Primal Drone  
  97  15:38  Primal Roach x2  
  97  15:39  Primal Roach  
  97  16:28  Primal Drone x2  
  97  16:29  Primal Drone x8  
  90  17:12  Primal Hydralisk x3  
  96  17:48  Primordial Fury  
  96  17:59  Primal Warden  
  98  18:00  Primal Warden  
  98  18:06  Primal Hydralisk x4  
  90  18:34  Primal Hydralisk x3  
  90  18:35  Primal Hydralisk x3  
  102  18:58  Primal Hydralisk  
  102  18:59  Primal Hydralisk x4  
  112  19:10  Primal Mutalisk x2  
  112  19:11  Primal Mutalisk x2  
  108  19:26  Primal Drone x3  
  108  19:27  Primal Drone x2  
  108  19:29  Primal Attacks Level 3  
  113  19:32  Primal Carapace Level 1  
  113  19:59  Primal Swarm Host x4  
  125  20:00  Primal Swarm Host  
  125  20:03  Primal Hydralisk  
  130  20:24  Dakrun's Den  
  117  21:42  Primal Hydralisk  
  117  21:43  Primal Hydralisk x10  
  117  21:44  Primal Hydralisk x7  
  150  22:22  Primal Hydralisk x3  
  150  22:23  Primal Swarm Host, Primal Hydralisk  
  150  22:24  Primal Swarm Host x3  
  150  22:29  Primal Mutalisk  
  169  22:30  Primal Mutalisk x4  
  169  22:31  Primal Mutalisk x2  
  163  22:48  Primal Hydralisk x3  
  163  22:49  Primal Hydralisk x2  
  120  25:07  Primal Hydralisk  
  120  25:08  Primal Hydralisk x17  
  120  25:09  Primal Hydralisk x4  
  140  25:54  Primal Drone x5  
  140  25:55  Primal Drone x4  
  140  25:59  Primal Hydralisk  
  143  26:00  Primal Hydralisk x9  
  161  26:41  Primal Swarm Host x2  
  161  26:42  Primal Swarm Host x2  
  123  27:31  Primal Ultralisk  
  123  27:35  Primal Swarm Host  
  123  27:39  Primal Roach  
  117  28:32  Primal Swarm Host  
  117  28:33  Primal Swarm Host x4  
  117  28:35  Primal Roach  
  117  28:36  Primal Zergling  
  117  28:37  Primal Zergling x6  
  117  28:38  Primal Roach x2  
  114  29:08  Primal Drone  
  114  29:09  Primal Drone x5  
  116  29:10  Primal Drone x3  
Tags
 
Commander
DehakaVorazun
Matchup
Co-op
Replay Pack
Multiplayer
Add a new tag
Caveats
  • Supply blocks, unpowered buildings, or Contaminate may cause inaccurate times.
  • Supply counts are checked every 10 seconds.